 Dungeon Crawl Stone Soup version 0.26-a0-1035-g76280ab330 (webtiles) character file.

Game seed: 8425640933501014917

10061 Dracia the Impaler (level 11, 0/75 HPs)
             Began as a Merfolk Delver on Dec 10, 2020.
             Was a High Priest of Okawaru.
             Slain by a wolf (10 damage)
             ... on level 2 of the Lair of Beasts.
             The game lasted 00:27:36 (10707 turns).

Dracia the Impaler (Merfolk Delver)                Turns: 10707, Time: 00:27:37

Health: 0/75       AC:  8    Str: 22    XL:     11   Next: 56%
Magic:  17/17      EV: 21    Int: 14    God:    Okawaru [*****.]
Gold:   871        SH:  0    Dex: 20    Spells: 3/10 levels left

rFire    + . .     SeeInvis .   n - +1 trident (freeze)
rCold    . . .     Faith    .   (no shield)
rNeg     . . .     Spirit   .   B - +1 ring mail {rF+}
rPois    .         Reflect  .   (helmet unavailable)
rElec    .         Harm     .   (no cloak)
rCorr    .         Rampage  .   p - +0 pair of gloves of the Leaf {Int+4 Dex+3}
Will     .....                  (no boots)
Stlth    ++++......             g - amulet of regeneration
HPRegen  0.62/turn              Z - ring of wizardry
MPRegen  0.15/turn              S - +6 ring of strength

@: heroism
A: change form in water, swift swim, stealthy swim, horns 3, agile 1
a: Heroism, Finesse, Renounce Religion


You were on level 2 of the Lair of Beasts.
You worshipped Okawaru.
Okawaru was extremely pleased with you.
You visited 3 branches of the dungeon, and saw 12 of its levels.
You also visited: Sewer.

You collected 871 gold pieces.


Innate Abilities, Weirdness & Mutations

You revert to your normal form in water.
You are very nimble and swift while swimming.
You are very stealthy in the water. (Stealth+)
You have a pair of large horns on your head.
You are agile. (Dex +2)


   Skills:
 - Level 3.2(8.2) Fighting
 - Level 16.9(21.9) Polearms
 - Level 7.3(12.3) Dodging
 - Level 5.4(10.4) Stealth
 + Level 4.0 Conjurations
 + Level 5.9 Earth Magic
 - Level 8.0 Invocations


You had 3 spell levels left.
You knew the following spells:

 Your Spells              Type           Power        Failure   Level
e - Leda's Liquefaction   Hex/Erth       #.........   45%         4
w - Stone Arrow           Conj/Erth      ##....       7%          3

Your spell library contained the following spells:

 Spells                   Type           Power        Failure   Level
 Confusing Touch          Hex            #.......     45%         3
 Gell's Gravitas          Tloc           #.........   45%         3
 Petrify                  Tmut/Erth      #.......     45%         4
 Iskenderun's Battlesphe  Conj           ##......     65%         5
 Bolt of Magma            Conj/Fire/Erth #.........   75%         5
 Iron Shot                Conj/Erth      ##........   96%         6
 Metabolic Englaciation   Hex/Ice        #.........   99%         5
 Yara's Violent Unravell  Hex/Tmut       #.........   99%         5
 Orb of Destruction       Conj           ##........   100%        7
 Spellforged Servitor     Conj/Summ      #.........   100%        7

Inventory:

Hand Weapons
 a - a +0 spear
 n - a +1 trident of freezing (weapon)
Missiles
 h - 2 throwing nets {=f=f}
 u - 40 poisoned darts (quivered)
 I - 8 atropa-tipped darts
Armour
 b - a +0 leather armour
 p - the +0 pair of gloves of the Leaf (worn) {Int+4 Dex+3}
   (You found it on level 5 of the Dungeon)

   It affects your intelligence (+4).
   It affects your dexterity (+3).
 B - a +1 ring mail of fire resistance (worn)
Magical Staves
 M - an uncursed staff of earth {!a!a, unknown}
Jewellery
 c - an uncursed ring of protection from cold
 g - an amulet of regeneration (around neck)
 v - an uncursed ring of see invisible
 C - an uncursed ring of protection from cold
 S - a +6 ring of strength (right hand)
 Z - a ring of wizardry (left hand)
Wands
 m - a wand of digging (3)
 x - a wand of iceblast (20)
 F - a wand of acid (20)
 H - a wand of disintegration (31)
 K - a wand of flame (27)
Scrolls
 e - a scroll of fear
 k - 5 scrolls of remove curse {@r2@r2}
 l - 10 scrolls of identify {@r1@r1}
 o - 6 scrolls of amnesia
 s - 4 scrolls of magic mapping
 t - a scroll of blinking
 A - 2 scrolls of teleportation {@r4@r4}
 D - 3 scrolls of fog
Potions
 d - a potion of resistance
 i - 5 potions of brilliance
 j - 6 potions of curing {@q1@q1}
 q - 2 potions of might
 r - a potion of flight
 z - 2 potions of attraction
 L - a potion of cancellation
Miscellaneous
 f - a lightning rod (4/4)

Dungeon Overview and Level Annotations

Branches:
Dungeon (9/15)             Temple (1/1) D:5            Lair (2/6) D:9
  Snake (0/4) Lair:2          Orc (0/2) D:9           Sewer (visited)
  Swamp: Lair:2-4    Shoals: Lair:2-4

Altars:
Ashenzari
Cheibriados
Dithmenos
Elyvilon
Fedhas
Gozag
Hepliaklqana
Kikubaaqudgha
Makhleb
Nemelex Xobeh
Okawaru
Qazlal
Ru
Sif Muna
Trog
Uskayaw
Vehumet
Wu Jian
Xom
Yredelemnul
Zin
The Shining One

Annotations:
D:5 2 transporters, Killmatronix's ghost, novice OpHu

........##.....##... #..
#......##....†##... ....
#......#....<......
....##......#.......#...
.............#.....##...
.......##....#......#...
....#.#####..P.....#....
#.....h†...........#..##
......h@...........#..##
........................
........................
........................
.....#.####.##....P#P.##
#....## ### ....###..
.... .... #.# #... #..
... #.


You could see 2 wolves.


Message History

The yak gores you but does no damage.
The wolf howls!
You hit the yak. You freeze the yak. Your headbutt misses the yak.
The yak is almost dead.
The wolf bites you!
* * * LOW HITPOINT WARNING * * *
You puncture the yak! You freeze the yak.
You kill the yak!
Okawaru accepts your kill. The wolf bites you!
* * * LOW HITPOINT WARNING * * *
A wolf comes into view.
The wolf barely misses you. The wolf bites you.
* * * LOW HITPOINT WARNING * * *
The wolf bites you.
* * * LOW HITPOINT WARNING * * *
The wolf bites you but does no damage. The wolf closely misses you.
The wolf bites you.
* * * LOW HITPOINT WARNING * * *
You see here a yak corpse.
Unknown command.
You feel better.
The wolf closely misses you. x2; The wolf bites you.
* * * LOW HITPOINT WARNING * * *
The wolf misses you.
Okay, then.
You puncture the wolf! You freeze the wolf. You headbutt the wolf!
You kill the wolf!
Okawaru accepts your kill. The wolf bites you!
You die...

Skill      XL: |  1  2  3  4  5  6  7  8  9 10 11 |
---------------+----------------------------------+-----
Polearms       | 5 6 7 9 10 11 13 14 16 | 16.9
Earth Magic    | 3 4 5 |  5.9
Invocations    | 4 7 8 |  8.0
Dodging        | 5 7 |  7.3
Conjurations   | 1 4 |  4.0
Fighting       | |  3.2
Stealth        | |  5.4

Action                   |  1- 3 |  4- 6 |  7- 9 | 10-12 || total
-------------------------+-------+-------+-------+-------++-------
Melee: Spear             |    27 |    26 |       |       ||    53
       Trident           |       |   160 |   371 |   314 ||   845
       Tailslap          |       |     9 |       |       ||     9
       Headbutt          |       |       |    35 |    69 ||   104
Invok: Heroism           |       |       |       |     3 ||     3
  Use: Scroll            |       |     5 |     6 |     3 ||    14
       Potion            |       |     6 |     9 |     4 ||    19
 Stab: Sleeping          |     1 |    16 |    20 |    12 ||    49
       Distracted        |       |     2 |     2 |     3 ||     7
Armor: Leather armour    |     4 |    18 |     7 |       ||    29
       Ring mail         |       |       |    41 |    42 ||    83
Dodge: Dodged            |     3 |    83 |   125 |   158 ||   369

Levels and vault maps discovered:
D:1:      grunt_arrival_crossed_arrows, layout_loops_ring
D:2:      cheibrodos_pilgrimage, layout_rooms, uniq_robin, uniq_terence
D:3:      layout_basic, gup_sewer_entry_bowl, kennysheep_generic_room_3,
          uniq_natasha
D:4:      minmay_polygon_palace, layout_loops_ring, nicolae_ru_path_of_blood,
          uniq_pikel, uniq_menkaure
D:5:      layout_basic, lemuel_crystal_altar,
          minmay_temple_entry_gardened_gates, gammafunk_ghost_arena,
          basic_altar, nicolae_qazlal_general_emergency
D:6:      layout_rooms, uniq_duvessa
D:7:      layout_loops_corners, uniq_harold
D:8:      layout_basic, roderic_batcave, fedhas_ov_isle_minmay, uniq_maggie
D:9:      layout_cave_pods, lair_entry_dummy, orc_0_dummy, minmay_liquid_box,
          hex_tiny
Temple:   kilobyte_greek_temple
Lair:1:   layout_concentric_octagons
Lair:2:   layout_regular_city, minmay_shoals_entry_lonely_mermaid,
          minmay_snake_entry_spellcaster, minivault_25, zaba_anthell

Notes
Turn   | Place    | Note
-------+----------+-------------------------------------------
     0 | D:5      | Dracia the Merfolk Delver began the quest for the Orb.
     0 | D:5      | Reached XP level 1. HP: 18/18 MP: 1/1
    20 | Temple   | Entered the Ecumenical Temple
   122 | Temple   | Became a worshipper of Warmaster Okawaru
   190 | D:5      | Noticed an orc wizard
   215 | D:5      | Killed an orc wizard
   216 | D:5      | Reached skill level 5 in Polearms
   216 | D:5      | Reached XP level 2. HP: 17/24 MP: 2/2
   216 | D:5      | Reached XP level 3. HP: 20/29 MP: 3/3
   292 | D:5      | Reached skill level 6 in Polearms
   292 | D:5      | Reached XP level 4. HP: 23/35 MP: 4/4
   425 | D:5      | Found an ancient bone altar of Kikubaaqudgha.
   730 | D:5      | Reached skill level 7 in Polearms
   745 | D:5      | Found an ancient bone altar of Kikubaaqudgha.
  1378 | D:5      | Found a transporter.
  1383 | D:5      | Noticed Killmatronix's ghost (novice OpHu)
  1386 | D:5      | Found a transporter.
  1415 | D:5      | Got a pair of faintly humming gloves
  1421 | D:5      | Identified the +0 pair of gloves of the Leaf {Int+4 Dex+3}
                  | (You found it on level 5 of the Dungeon)
  1460 | D:4      | Reached XP level 5. HP: 37/41 MP: 5/5
  1517 | D:4      | Identified the Almanac of the Rocks
  1654 | D:3      | Found a glowing drain.
  1659 | Sewer    | Entered a sewer
  1735 | Sewer    | Reached skill level 8 in Polearms
  1879 | Sewer    | Noticed a big kobold
  1894 | Sewer    | Killed a big kobold
  1894 | Sewer    | Reached * piety under Okawaru
  1895 | Sewer    | Reached skill level 9 in Polearms
  1895 | Sewer    | Reached XP level 6. HP: 46/47 MP: 6/6
  2102 | D:3      | Noticed Natasha
  2111 | D:3      | Killed Natasha
  2385 | D:3      | Reached skill level 10 in Polearms
  2757 | D:3      | Noticed Natasha
  2801 | D:3      | Killed Natasha
  2802 | D:3      | Reached XP level 7. HP: 38/52 MP: 7/7
  2928 | D:3      | Learned a level 3 spell: Stone Arrow
  3206 | D:2      | Noticed Terence
  3213 | D:2      | Killed Terence
  3214 | D:2      | Reached skill level 1 in Earth Magic
  3280 | D:2      | Noticed Robin
  3306 | D:2      | Killed Robin
  4424 | D:4      | Found a sacrificial altar of Ru.
  4490 | D:4      | Noticed Pikel
  4633 | D:4      | Killed Pikel
  4633 | D:4      | Reached ** piety under Okawaru
  4634 | D:4      | Reached skill level 11 in Polearms
  4634 | D:4      | Reached skill level 3 in Earth Magic
  4634 | D:4      | Reached XP level 8. HP: 56/58 MP: 8/8
  4639 | D:4      | Learned a level 4 spell: Leda's Liquefaction
  4773 | D:4      | Reached skill level 12 in Polearms
  4779 | D:4      | Reached skill level 1 in Invocations
  4870 | D:4      | Reached skill level 2 in Invocations
  4919 | D:4      | Noticed Menkaure
  4927 | D:4      | Killed Menkaure
  4944 | D:4      | Reached skill level 3 in Invocations
  5193 | D:5      | Found a stormy altar of Qazlal.
  5422 | D:5      | Identified a potion of resistance
  5423 | D:5      | Gained mutation: You have a pair of small horns on your
                  | head. [potion of mutation]
  5423 | D:5      | Gained mutation: You have a pair of horns on your head.
                  | [potion of mutation]
  5423 | D:5      | Gained mutation: You have a pair of large horns on your
                  | head. [potion of mutation]
  5423 | D:5      | Gained mutation: You are agile. (Dex +2) [potion of
                  | mutation]
  5434 | D:5      | Reached skill level 13 in Polearms
  5434 | D:5      | Reached skill level 4 in Invocations
  5438 | D:5      | Reached *** piety under Okawaru
  5439 | D:5      | Reached XP level 9. HP: 17/64 MP: 10/12
  5674 | D:6      | Reached skill level 5 in Invocations
  5752 | D:6      | Noticed Duvessa
  5754 | D:6      | Noticed Dowan
  5766 | D:6      | Killed Duvessa
  5773 | D:6      | Killed Dowan
  6134 | D:7      | Noticed a hornet
  6143 | D:7      | Killed a hornet
  6144 | D:7      | Reached skill level 14 in Polearms
  6144 | D:7      | Reached skill level 6 in Invocations
  6673 | D:7      | Noticed Harold
  6703 | D:7      | Killed Harold
  6703 | D:7      | Reached **** piety under Okawaru
  6704 | D:7      | Reached skill level 7 in Invocations
  6704 | D:7      | Reached XP level 10. HP: 26/70 MP: 13/15
  6870 | D:8      | Noticed Maggie
  6881 | D:8      | Killed Maggie
  6882 | D:8      | Reached skill level 15 in Polearms
  6882 | D:8      | Reached skill level 8 in Invocations
  7081 | D:8      | Received a gift from Okawaru
  7119 | D:8      | Reached skill level 16 in Polearms
  7224 | D:8      | Reached ***** piety under Okawaru
  7721 | D:8      | Found a blossoming altar of Fedhas.
  7942 | D:9      | Found a staircase to the Orcish Mines.
  8169 | D:9      | Found a staircase to the Lair.
  8410 | D:9      | Reached skill level 3 in Dodging
  8648 | Lair:1   | Entered Level 1 of the Lair of Beasts
  8946 | Lair:1   | Reached skill level 4 in Dodging
  8946 | Lair:1   | Reached skill level 4 in Earth Magic
  9186 | Lair:1   | Reached skill level 1 in Conjurations
  9190 | Lair:1   | Received a gift from Okawaru
  9191 | Lair:1   | Reached skill level 5 in Dodging
  9315 | Lair:1   | Reached XP level 11. HP: 74/75 MP: 17/17
  9726 | Lair:2   | Found a staircase to the Snake Pit.
  9737 | Lair:2   | HP: 7/75 [guardian serpent (7)]
  9739 | Lair:2   | Reached skill level 2 in Conjurations
  9851 | Lair:2   | Reached skill level 6 in Dodging
  9851 | Lair:2   | Reached skill level 5 in Earth Magic
 10106 | Lair:2   | Reached skill level 3 in Conjurations
 10232 | Lair:2   | Reached skill level 7 in Dodging
 10466 | Lair:1   | Received a gift from Okawaru
 10700 | Lair:2   | Reached skill level 4 in Conjurations
 10705 | Lair:2   | HP: 4/75 [wolf (4)]
 10707 | Lair:2   | Slain by a wolf

Vanquished Creatures
  Harold (D:7)
  Pikel (D:4)
  A guardian serpent (Lair:2)
  A cane toad (Lair:2)
  Maggie (D:8)
  2 rime drakes (Lair:1)
  2 hornets
  2 wyverns (D:8)
  12 yaks
  A steam dragon (D:8)
  Menkaure (D:4)
  5 soldier ants
  2 water moccasins
  Duvessa (D:6)
  An orc warrior (D:9)
  A phantom (D:5)
  2 ogres
  7 wolves
  5 centaurs
  3 lemures (D:4)
  A big kobold (Sewer)
  11 bullfrogs
  Dowan (D:6)
  A scorpion (D:6)
  A water moccasin skeleton (D:6)
  8 wights
  3 vampire bats (D:8)
  3 howler monkeys
  2 bullfrog zombies
  3 hounds
  A jelly (D:5)
  2 orc priests
  4 orc wizards
  3 iguanas
  2 centaur skeletons
  Terence (D:2)
  Natasha (twice) (D:3)
  14 worker ants
  Robin (D:2)
  4 gnolls (D:3)
  A howler monkey skeleton (D:4)
  11 adders
  A shadow imp (D:7)
  4 white imps
  3 oozes
  An adder zombie (D:8)
  3 worms
  An adder skeleton (D:4)
  3 leopard geckos
  26 orcs
  8 giant cockroaches
  6 hobgoblins
  3 jackals (D:8)
  21 kobolds
  3 quokkas
  2 ball pythons (Sewer)
  8 bats
  5 frilled lizards
  11 goblins
  A jackal skeleton (D:4)
  A quokka skeleton (D:4)
  6 rats
249 creatures vanquished.

Vanquished Creatures (others)
  An orc wizard (D:9)
  8 fungi (Lair:2)
  8 plants
17 creatures vanquished.

Grand Total: 266 creatures vanquished

Table legend: (Time is in decaauts)
 A = Elapsed time spent in this place.
 B = Non-inter-level travel time spent in this place.
 C = Inter-level travel time spent in this place.
 D = Time resting spent in this place.
 E = Time spent auto-exploring this place.
 F = Levels seen in this place.
 G = Mean time per level.
                   A        B        C        D        E       F      G
               +--------+--------+--------+--------+--------+-----+--------+
         Total |  10405 |   9898 |    507 |   2153 |   6044 |  13 |  800.4 |
       Dungeon |   8157 |   7746 |    411 |   1514 |   4967 |   9 |  906.3 |
        Temple |    142 |     97 |     45 |      0 |     94 |   1 |  142.0 |
          Lair |   1735 |   1684 |     51 |    639 |    764 |   2 |  867.5 |
         Sewer |    369 |    369 |      0 |      0 |    218 |   1 |  369.0 |
               +--------+--------+--------+--------+--------+-----+--------+

Top non-repeatable levels by time:
     D:5: 1625 daAuts
  Lair:1: 1359 daAuts
     D:3: 1123 daAuts
     D:9: 1051 daAuts
     D:4: 994 daAuts
     D:8: 919 daAuts
     D:7: 792 daAuts
     D:1: 677 daAuts
     D:2: 492 daAuts
     D:6: 481 daAuts
  Lair:2: 375 daAuts
   Sewer: 369 daAuts
  Temple: 142 daAuts

Table legend:
 A = Non-vault XP
 B = Vault XP
 C = Vault XP percentage of total XP
 D = Non-vault monster count
 E = Vault monster count
 F = Vault count percentage of total count
                 A         B        C        D         E       F
            +---------+---------+-------+---------+---------+-------
      Total |    9745 |    4747 |  32.8 |     158 |      88 |  35.8
            +---------+---------+-------+---------+---------+-------
        D:1 |      17 |       9 |  34.6 |      11 |       3 |  21.4
        D:2 |      42 |     116 |  73.4 |       8 |      13 |  61.9
        D:3 |     262 |      43 |  14.1 |      32 |       5 |  13.5
        D:4 |     130 |    1119 |  89.6 |       7 |      16 |  69.6
        D:5 |     511 |       0 |   0.0 |      16 |       0 |   0.0
        D:6 |     523 |     226 |  30.2 |      15 |       2 |  11.8
        D:7 |     660 |     997 |  60.2 |       8 |       1 |  11.1
        D:8 |    1779 |     567 |  24.2 |      20 |       9 |  31.0
        D:9 |     631 |       0 |   0.0 |      12 |       0 |   0.0
     Lair:1 |    2807 |     201 |   6.7 |      16 |       2 |  11.1
     Lair:2 |    2383 |    1326 |  35.8 |      13 |      13 |  50.0
      Sewer |       0 |     143 | 100.0 |       0 |      24 | 100.0
            +---------+---------+-------+---------+---------+-------
